 Dungeon Crawl Stone Soup version 0.20-a0-77-g476458c (webtiles) character file.

1591 KristoblXynda the Grappler (level 8, -11/59 HPs)
             Began as a Pale Draconian Transmuter on Nov 19, 2016.
             Mangled by an ogre
             ... wielding a +0 giant club
              (22 damage)
             ... on level 5 of the Dungeon.
             The game lasted 00:08:50 (4029 turns).

KristoblXynda the Grappler (DrTm)                   Turns: 4029, Time: 00:08:51

Health: -11/59     AC:  7    Str: 12    XL:     8   Next: 61%
Magic:  11/11      EV: 15    Int: 17    God:
Gold:   236        SH:  0    Dex: 11    Spells: 2 memorised, 5 levels left

rFire  + . .     SeeInvis .       - Unarmed
rCold  . . .     Gourm    .     (armour unavailable)
rNeg   . . .     Faith    .     (no shield)
rPois  .         Spirit   .     (helmet restricted)
rElec  .         Reflect  .     (no cloak)
rCorr  .         Harm     .     (no gloves)
MR     .....                    s - +0 pair of boots
Stlth  +.........               (no amulet)
                                (no ring)
                                o - ring of protection from fire

@: lethally poisoned (-11 -> -13), short of breath
A: breathe steam, unfitting armour, beak, horns 1, wild magic 1, cold-blooded,
MP-powered wands, AC +6
a: Breathe Steam


You were on level 5 of the Dungeon.
You were not hungry.

You visited 1 branch of the dungeon, and saw 5 of its levels.

You collected 236 gold pieces.

Inventory:

Armour
 s - a +0 pair of boots (worn)
Jewellery
 o - a ring of protection from fire (left hand)
 r - an uncursed ring of flight
Scrolls
 f - a scroll of enchant weapon
 k - a scroll of enchant armour
 n - a scroll of magic mapping
Potions
 h - a potion of cure mutation
 l - a potion of haste
 w - a potion of brilliance
Books
 b - a book of Changes

   Spells                             Type                      Level
   a - Beastly Appendage              Transmutation                1
   b - Sticks to Snakes               Transmutation                2
   c - Spider Form                    Transmutation/Poison         3
   d - Ice Form                       Ice/Transmutation            4
   e - Blade Hands                    Transmutation                5
 y - a book of Maledictions

   Spells                             Type                      Level
   a - Corona                         Hexes                        1
   b - Ensorcelled Hibernation        Hexes/Ice                    2
   c - Confuse                        Hexes                        3
   d - Tukima's Dance                 Hexes                        3
   e - Dazzling Spray                 Conjuration/Hexes            3
Comestibles
 c - 3 bread rations
 d - a slice of pizza
 g - 2 meat rations
 i - 2 beef jerkies
 q - 11 fruits


   Skills:
 - Level 1.1 Fighting
 + Level 6.7 Dodging
 + Level 10.1 Unarmed Combat
 - Level 2.0 Spellcasting
 + Level 9.9 Transmutations


You had 5 spell levels left.
You knew the following spells:

 Your Spells              Type           Power        Failure   Level  Hunger
a - Beastly Appendage     Tmut           #####.       1%          1    #......
b - Blade Hands           Tmut           #####.....   17%         5    ######.


Dungeon Overview and Level Annotations

Branches:
Dungeon (5/15)
 Temple: D:4-7

Altars:
Fedhas
Makhleb


Innate Abilities, Weirdness & Mutations

You can breathe blasts of scalding, opaque steam.
Your pale cyan-grey scales are hard. (AC +6)
You cannot fit into any form of body armour.
You are cold-blooded and may be slowed by cold attacks.
You have a beak for a mouth.
You have a pair of small horns on your head.
Your spells are a little harder to cast, but a little more powerful.
You expend magic power (3 MP) to strengthen your wands.


Message History

The orc wizard gestures wildly while chanting.
The orc wizard flickers and vanishes!
Deactivating autopickup; reactivate with Ctrl-A.
The orc priest barely misses you.
Your surroundings suddenly seem different.
You feel sick.
Found a long sword.
An ogre comes into view. It is wielding a giant club.
Unknown command.
You feel sick.
Found a scroll labeled EFOANL RAEMNUU.
Found a stone staircase leading down.
You feel sick.
Press: ? - help, Shift-Dir - straight line, f - ogre
Aim: an ogre, wielding a giant club You exhale a blast of scalding steam.
The ball of steam hits the ogre.
The ogre is moderately wounded.
You feel slightly more hungry.
You feel sick.
The ogre is engulfed in a cloud of scalding steam.
The ogre hits you with a giant club!!
You die...

.. ...... ...
#...# #
..#.###...#.#
............###
.
...............
..
..##.##.#######
..
.>.....ยง.......
.
.###.##O##?....
# #@# #.##
.......)# #
......#.#
#.....#.. .....
#.# ..... #.#
.... ..#
........# .
..........#


You could see an ogre.

Vanquished Creatures
  6 yaks (D:4)
  A sky beast (D:5)
  The ghost of KristoblXynda the Ruffian, an amateur DrSk of Qazlal (D:4)
  A bullfrog zombie (D:5)
  A centaur skeleton (D:5)
  2 hounds (D:4)
  An orc priest (D:3)
  A bullfrog skeleton (D:4)
  2 orc wizards (D:4)
  A worker ant (D:4)
  6 adders
  A shadow imp (D:5)
  4 worms
  A dart slug (D:1)
  A leopard gecko (D:1)
  5 orcs
  5 giant cockroaches
  6 goblins
  12 hobgoblins
  8 jackals (D:2)
  7 kobolds
  2 quokkas
  7 bats
  A frilled lizard (D:2)
  A quokka skeleton (D:4)
  6 rats
90 creatures vanquished.

Notes
Turn   | Place    | Note
-------+----------+-------------------------------------------
     0 | D:1      | KristoblXynda the Draconian Transmuter began the quest for the Orb.
     0 | D:1      | Reached XP level 1. HP: 16/16 MP: 3/3
   184 | D:1      | Reached XP level 2. HP: 7/23 MP: 5/5
   876 | D:1      | Reached XP level 3. HP: 22/28 MP: 6/6
  1090 | D:2      | Reached skill level 7 in Unarmed Combat
  1090 | D:2      | Reached XP level 4. HP: 9/35 MP: 5/7
  1118 | D:2      | Reached skill level 9 in Unarmed Combat
  1118 | D:2      | Reached XP level 5. HP: 6/40 MP: 8/8
  1466 | D:2      | Found a burning altar of Makhleb.
  1467 | D:2      | Noticed an Executioner
  1471 | D:2      | Noticed a neqoxec
  1471 | D:2      | Noticed an orange demon
  1575 | D:3      | Found a faded altar of an unknown god.
  2019 | D:3      | Reached XP level 6. HP: 46/47 MP: 9/9
  2030 | D:3      | Learned a level 5 spell: Blade Hands
  2047 | D:3      | Found a blossoming altar of Fedhas.
  2347 | D:4      | Noticed KristoblXynda's ghost (amateur DrSk)
  2385 | D:4      | Killed KristoblXynda's ghost
  2546 | D:4      | Gained mutation: You evolve. [potion of mutation]
  2546 | D:4      | Gained mutation: You can translocate small distances at will. [potion of mutation]
  2546 | D:4      | Gained mutation: You expend magic power (3 MP) to strengthen your wands. [potion of mutation]
  3005 | D:4      | Gained mutation: You have a beak for a mouth. [evolution]
  3005 | D:4      | Lost mutation: You evolve. [end of evolution]
  3185 | D:4      | Noticed a yak
  3185 | D:4      | Noticed a yak
  3185 | D:4      | Noticed a yak
  3186 | D:4      | Noticed a yak
  3194 | D:4      | Killed a yak
  3194 | D:4      | Your scales start taking on a pale cyan-grey colour.
  3194 | D:4      | Reached XP level 7. HP: 52/52 MP: 10/10
  3196 | D:4      | Noticed a yak
  3201 | D:4      | Killed a yak
  3203 | D:4      | Noticed a yak
  3204 | D:4      | Killed a yak
  3212 | D:4      | Killed a yak
  3212 | D:4      | Reached XP level 8. HP: 14/59 MP: 11/11
  3218 | D:4      | HP: 1/59 [yak (14)]
  3232 | D:4      | Reached skill level 10 in Unarmed Combat
  3811 | D:5      | Entered Level 5 of the Dungeon
  3876 | D:5      | Gained mutation: You have large cloven feet. [mutagenic meat]
  3878 | D:5      | Gained mutation: You are clumsy. (Dex -2) [mutagenic meat]
  3879 | D:5      | Lost mutation: You can translocate small distances at will. [mutagenic meat]
  3880 | D:5      | Lost mutation: You have large cloven feet. [mutagenic meat]
  3880 | D:5      | Lost mutation: You are clumsy. (Dex -2) [potion of mutation]
  3880 | D:5      | Gained mutation: Your spells are a little harder to cast, but a little more powerful. [potion of mutation]
  3880 | D:5      | Gained mutation: You have a pair of small horns on your head. [potion of mutation]
  4020 | D:5      | HP: 1/59 [centaur/arrow (3)]
  4029 | D:5      | Mangled by an ogre

Vault maps used:
D:1:      lemuel_arrival_lava_pool, minmay_close_crescents
D:2:      makhleb_altar_promises_db
D:3:      fedhas_altar_2, chequers_ecumenical_altar_simple, corexii_corridor_pit
D:4:      first_bread, minivault_23, minmay_misc_feat_iff
D:5:      kennysheep_mini, minivault_19, kennysheep_boxes

Skill      XL: |  1  2  3  4  5  6  7  8 |
---------------+-------------------------+-----
Dodging        | 2 6 |  6.7
Unarmed Combat | 7 9 10 | 10.1
Transmutations | 6 9 |  9.9
Fighting       | |  1.1
Spellcasting   | |  2.0

Action                   |  1- 3 |  4- 6 |  7- 9 || total
-------------------------+-------+-------+-------++-------
Melee: Unarmed           |   137 |   160 |    72 ||   369
       Tailslap          |    10 |    11 |     8 ||    29
       Punch             |       |     3 |     7 ||    10
       Peck              |       |     2 |     7 ||     9
       Headbutt          |       |     1 |     3 ||     4
       Kick              |       |     1 |       ||     1
 Cast: Beastly Appendage |     1 |     2 |     1 ||     4
 Abil: Breathe Steam     |       |       |     5 ||     5
       Blink             |       |       |     1 ||     1
  Use: Potion            |     2 |     3 |     5 ||    10
       Scroll            |       |    10 |     4 ||    14
 Stab: Sleeping          |       |     1 |       ||     1
  Eat: Chunk             |     1 |     4 |     6 ||    11
       Pizza             |       |     1 |       ||     1
       Bread ration      |       |       |     1 ||     1
Armor: Skin              |    44 |    23 |    14 ||    81
Dodge: Dodged            |    85 |    96 |    51 ||   232
